 Dungeon Crawl Stone Soup version 0.18.1-48-g4cf74bf (webtiles) character file.

72 r0y the Slasher (level 4, -3/61 HPs)
             Began as a Minotaur Berserker on June 24, 2016.
             Was a Believer of Trog.
             Slain by a gnoll
             ... wielding a +0 flail
              (6 damage)
             ... on level 2 of the Dungeon.
             The game lasted 00:21:22 (2159 turns).

r0y the Slasher (Minotaur Berserker)                Turns: 2159, Time: 00:21:27

Health: -3/61      AC:  3    Str: 28    XL:     4   Next: 7%
Magic:  3/3        EV:  9    Int:  4    God:    Trog [**....]
Gold:   159        SH:  8    Dex:  9    Spells: 0 memorised, 3 levels left

rFire  . . .     SeeInvis .     a - +0 falchion
rCold  . . .     Gourm    .     b - +0 animal skin
rNeg   . . .     Faith    .     g - +0 shield
rPois  .         Spirit   .     (helmet restricted)
rElec  .         Dismiss  .     (no cloak)
rCorr  .         Reflect  .     r - +0 pair of gloves
SustAt .         Harm     .     (no boots)
MR     .....                    (no amulet)
Stlth  ..........               (no ring)
                                (no ring)

@: berserking, very quick, not resistant to hostile enchantments, extremely
unstealthy
A: retaliatory headbutt, horns 2
a: Berserk, Trog's Hand, Burn Spellbooks, Renounce Religion


You were on level 2 of the Dungeon.
You worshipped Trog.
Trog was pleased with you.
You were not hungry.

You visited 1 branch of the dungeon, and saw 2 of its levels.

You collected 159 gold pieces.

Inventory:

Hand Weapons
 a - a +0 falchion (weapon)
 f - a +0 club
 h - a +0 club
 i - a +0 club
 l - a +0 dagger
 m - a +0 whip
 n - a +0 dagger
 o - a +0 dagger
 y - a +0 club
 A - a +0 club
 C - a +0 war axe
Missiles
 k - 12 bolts
 s - 12 poisoned needles
 t - 50 stones (quivered)
 w - 44 sling bullets
Armour
 b - a +0 animal skin (worn)
 g - a +0 shield (worn)
 j - a +0 robe
 p - a +0 centaur barding
 r - a +0 pair of gloves (worn)
Wands
 q - a wand of lightning (13/15)
Scrolls
 c - a scroll of immolation {unknown}
 d - a scroll of remove curse {unknown}
 x - a scroll of teleportation {unknown}
Potions
 e - 4 potions of curing {unknown}
 z - a potion of haste {unknown}
Comestibles
 u - 2 beef jerkies
 v - a bread ration
 B - 7 chunks of flesh


   Skills:
 + Level 4.5 Fighting
 + Level 4.6 Long Blades
 + Level 2.5 Armour
 + Level 2.8 Dodging
 + Level 0.3 Stealth
 + Level 0.5 Shields


You had 3 spell levels left.
You didn't know any spells.

Dungeon Overview and Level Annotations

Branches:
Dungeon (2/15)

Altars:
Pakellas
Ru


Innate Abilities, Weirdness & Mutations

You reflexively headbutt those who attack you in melee.
You have a pair of horns on your head.


Message History

The gnoll is moderately wounded.
The gnoll barely misses you. x2; You furiously retaliate!
You headbutt the gnoll.
The gnoll hits you from afar with a halberd!
You hit the gnoll but do no damage.
The gnoll is heavily wounded.
The gnoll barely misses you. The gnoll hits you with a flail!
* * * LOW HITPOINT WARNING * * *
The gnoll misses you.
The gnoll hits you from afar with a spear.
* * * LOW HITPOINT WARNING * * *
(m)acro, (M)acro raw, keymap [(k) default, (x) level-map, (t)argeting, (c)onfirm, m(e)nu], (s)ave?
Aborting.
A red film seems to cover your vision as you go berserk!
You feel yourself moving faster!
You feel mighty!
You feel somewhat more hungry.
The gnoll hits you from afar with a halberd.
* * * LOW HITPOINT WARNING * * *
The gnoll hits you with a flail.
You die...

...##.# #...# #####.###.##.#####
##.##.####...###.....# #.##.#
#.##.#..........###.# #.##.#
#.##.#..........###.....##.#
#.##.#...........####.#.##.#####
##.##.####...#...................
#.....####...##gg......#.###.####
.............###g#.#####.# #.#
#........##..# #@...# #.# #.#
#.######.##..###....####.# #.#
#.# #...............#.# #.# #.#
####..#.........#.###.# #.#
#..#...............# #.#
##.>#....#.#..#######
#.########.#.####.._..##
#.........###.....#.###
##########.#.####...#


You could see 3 gnolls.

Vanquished Creatures
  3 adders (D:2)
  2 dart slugs (D:1)
  5 bats
  4 goblins
  8 hobgoblins
  4 jackals (D:1)
  A quokka (D:2)
  A ball python (D:1)
  3 giant newts
  2 kobolds (D:1)
  9 rats
  2 fungi (D:1)
  A plant (D:1)
45 creatures vanquished.

Notes
Turn   | Place    | Note
--------------------------------------------------------------
     0 | D:1      | r0y the Minotaur Berserker began the quest for the Orb.
     0 | D:1      | Reached XP level 1. HP: 19/19 MP: 0/0
   410 | D:1      | Reached XP level 2. HP: 27/27 MP: 1/1
  1150 | D:1      | Reached XP level 3. HP: 33/33 MP: 2/2
  1412 | D:2      | Reached ** piety under Trog
  1528 | D:2      | Found an oddly glowing altar of Pakellas.
  1877 | D:2      | Found a sacrificial altar of Ru.
  2029 | D:2      | Reached XP level 4. HP: 41/41 MP: 3/3
  2159 | D:2      | HP: 3/61 [gnoll/halberd (3)]
  2159 | D:2      | Slain by a gnoll

Skill      XL: |  1  2 |
---------------+-------+-----
Long Blades    | 4 |  4.6
Fighting       | 4 |  4.5
Armour         | |  2.5
Dodging        | |  2.8
Stealth        | |  0.3
Shields        | |  0.5

Action                   |  1- 3 |  4- 6 || total
-------------------------+-------+-------++-------
Melee: Falchion          |   117 |    16 ||   133
       Headbutt          |    21 |       ||    21
Throw: Stone             |     1 |       ||     1
Invok: Berserk           |       |     1 ||     1
  Eat: Bread ration      |     1 |       ||     1
Armor: Animal skin       |    19 |       ||    19
Dodge: Dodged            |    31 |     9 ||    40
Block: Shield            |    27 |    10 ||    37
